 Dungeon Crawl Stone Soup version 0.30-a0-390-g80c34de (webtiles) character file.

Game seed: 17323488955494666173

67 BarneyGumball the Magician (level 4, -3/24 HPs)
             Began as a Deep Elf Earth Elementalist on Dec 3, 2022.
             Slain by an iguana (9 damage)
             ... on level 5 of the Dungeon.
             The game lasted 00:06:02 (1733 turns).

BarneyGumball the Magician (DEEE)                   Turns: 1733, Time: 00:06:02

Health: -3/24      AC:  2    Str:  5    XL:     4   Next: 0%
Magic:  11/12      EV: 12    Int: 22    God:
Gold:   131        SH:  0    Dex: 15    Spells: 7/11 levels left

rFire   . . .      SeeInvis .    (no weapon)
rCold   . . .      Faith    .    (no shield)
rNeg    . . .      Spirit   .    a - +0 robe
rPois   .          Reflect  .    (no helmet)
rElec   .          Harm     .    (no cloak)
rCorr   .          Rampage  .    (no gloves)
Will    .....                    (no boots)
Stlth   +.........               (no amulet)
HPRegen 0.24/turn                (no ring)
MPRegen 0.13/turn                (no ring)

@: confused, studying Polearms
A: no striking features
a: no special abilities


You were on level 5 of the Dungeon.
You visited 1 branch of the dungeon, and saw 4 of its levels.

You collected 131 gold pieces.

Inventory:

Missiles
 c - 4 datura-tipped darts
Armour
 a - a +0 robe (worn)
Jewellery
 j - a ring of ice
Scrolls
 e - a scroll of noise {unknown}
 k - a scroll of acquirement {unknown}
 l - a scroll of identify
 m - a scroll of poison {unknown}
 n - a scroll of enchant weapon {unknown}
Potions
 b - a potion of magic
 d - a potion of resistance {unknown}
 f - a potion of flight {unknown}
 g - 2 potions of heal wounds
 h - a potion of lignification {unknown}
 i - a potion of attraction {unknown}
 o - a potion of curing {unknown}


   Skills:
 - Level 2.4 Dodging
 - Level 2.4 Stealth
 + Level 4.1 Spellcasting
 + Level 1.7 Conjurations
 - Level 1.7 Transmutations
 + Level 4.1 Earth Magic


You had 7 spell levels left.
You knew the following spells:

 Your Spells              Type           Power      Damage    Failure   Level
a - Sandblast             Erth           44%        2d11      1%          1
b - Stone Arrow           Conj/Erth      34%        3d9       10%         3

Your spell library contained the following spells:

 Spells                   Type           Power      Damage    Failure   Level
 Passwall                 Tmut/Erth      14%        N/A       4%          2
 Ensorcelled Hibernation  Hex/Ice        8%         N/A       17%         2
 Swiftness                Air            4%         N/A       32%         3
 Petrify                  Tmut/Erth      17%        N/A       32%         4


Dungeon Overview and Level Annotations

Branches:
Dungeon (3/15)

Altars:
Okawaru

Shops:
D:2 :


Message History

The orc shouts!
You see here 16 gold pieces.
Casting: Sandblast (safe; 2% risk of failure)
Confirm with . or Enter, or press ? or * to list all spells.
Aiming: Sandblast (safe; 2% risk of failure)
Press: ? - help, Shift-Dir - straight line, f - orc
Aim: an orc, wielding a +0 short sword (83% to hit)
The blast of sand hits the orc!
You kill the orc!
You have reached level 4!
You feel clever.
You now have 131 gold pieces (gained 16).
Found a manual of Polearms.
You pick up a manual of Polearms and begin studying.
You open the gate.
An orc, an orc wizard and an iguana come into view.
Casting: Sandblast (safe; 1% risk of failure)
Confirm with . or Enter, or press ? or * to list all spells.
Aiming: Sandblast (safe; 1% risk of failure)
Press: ? - help, Shift-Dir - straight line, f - iguana
Aim: an iguana (wandering, hasn't noticed you, 85% to hit)
The blast of sand hits the iguana but does no damage.
The iguana hisses angrily.
The orc wizard shouts!
You hear a shout!
An orc wizard comes into view. It is wielding a +0 dagger. x2
The iguana bites you! The orc wizard casts a spell at you.
You are confused.
The iguana bites you!
* * * LOW HITPOINT WARNING * * *
You hear a shout! x2
You are too confused!
You're too confused to cast spells.
You closely miss the iguana.
The orc shouts!
You hear a shout!
You hear an angry hiss.
The orc wizard points at you and mumbles some strange words.
You are more confused.
The orc wizard points at you and mumbles some strange words.
You resist with some effort. The iguana closely misses you.
The iguana attacks as you move away! The iguana bites you!
You die...

#..#...#..## ....
.#.#.#.#..## ....
##..#...#...#..# ....
##..#.#.#.#.#.#.. ..o
##..#...#...#...#.
#o.#..#.#.#.#.#.#.#.#
#o.#.#...#...#...#...
#..'..#.#.#.#.#.#.#.#
#..'@..#...#...#...#.
......l..#.#.#.#.#.#.#.#
#######.#...#...#...#..)
#..#.#.#.#.#.#.#.#
##..#...#...#...#.
##..#.#.#.#.#.#..
##..#...#...#..#
##..#.#.#.#..##
##..#...#..##


You could see an iguana and 3 orc wizards.

Vanquished Creatures
  An adder (D:2)
  A worm (D:2)
  A dart slug (D:1)
  4 orcs
  4 ball pythons
  7 bats
  2 endoplasms
  3 giant cockroaches
  7 goblins
  3 hobgoblins
  A jackal (D:1)
  2 quokkas (D:1)
  2 frilled lizards (D:1)
  4 kobolds
  3 rats (D:1)
45 creatures vanquished.

Notes
Turn   | Place    | Note
-------+----------+-------------------------------------------
     0 | D:1      | BarneyGumball the Deep Elf Earth Elementalist began the
                  | quest for the Orb.
     0 | D:1      | Reached XP level 1. HP: 10/10 MP: 6/6
   239 | D:1      | Reached XP level 2. HP: 15/15 MP: 4/8
   659 | D:1      | Reached XP level 3. HP: 19/19 MP: 8/10
   688 | D:1      | Learned a level 3 spell: Stone Arrow
   699 | D:1      | Reached skill level 1 in Conjurations
   958 | D:2      | Found Oluxawej's Book Boutique.
  1246 | D:2      | Identified the +1 scale mail of Sin {Contam rC+ rCorr
                  | Slay+4}
  1252 | D:2      | Found an iron altar of Okawaru.
  1675 | D:3      | You fall into a shaft and drop 2 floors!
  1675 | D:5      | Entered Level 5 of the Dungeon
  1689 | D:5      | Reached XP level 4. HP: 24/24 MP: 10/12
  1733 | D:5      | Slain by an iguana

Illustrated notes

Levels and vault maps discovered:
D:1:      erik_arrival_triangle_small, layout_loops_ring
D:2:      layout_loops_ring, serial_shops, shop_statue, basic_altar,
          minmay_misc_feat_diagonals
D:3:      layout_basic, mainiacjoe_overflow_divided_tiny, minmay_misc_feat_iff,
          minmay_misc_feat_rugged
D:5:      minmay_angry_zag, layout_basic, lemuel_crystal_altar,
          serial_park_tiny_1, kennysheep_cluttered_room

Skill      XL: |  1  2  3 |
---------------+----------+-----
Conjurations   | 1 |  1.7
Earth Magic    | 4 |  4.1
Spellcasting   | 4 |  4.1
Dodging        | |  2.4
Stealth        | |  2.4
Transmutations | |  1.7

Action                   |  1- 3 |  4- 6 || total
-------------------------+-------+-------++-------
Melee: Unarmed           |       |     1 ||     1
 Cast: Sandblast         |    55 |     1 ||    56
  Use: Scroll            |     1 |       ||     1
Dodge: Dodged            |     3 |     1 ||     4

Table legend: (Time is in decaauts)
 A = Elapsed time spent in this place.
 B = Non-inter-level travel time spent in this place.
 C = Inter-level travel time spent in this place.
 D = Time resting spent in this place.
 E = Time spent auto-exploring this place.
 F = Levels seen in this place.
 G = Mean time per level.
                   A        B        C        D        E       F      G
               +--------+--------+--------+--------+--------+-----+--------+
         Total |   1760 |   1709 |     51 |      0 |   1418 |   4 |  440.0 |
       Dungeon |   1760 |   1709 |     51 |      0 |   1418 |   4 |  440.0 |
               +--------+--------+--------+--------+--------+-----+--------+

Top non-repeatable levels by time:
     D:1: 927 daAuts
     D:2: 724 daAuts
     D:5: 58 daAuts
     D:3: 50 daAuts
